 Dungeon Sprint DCSS version 0.17.0-17-ge4ba49f (webtiles) character file.

2400000 Iamburgie the Middleweight Champion (level 17, -63/174 HPs)
             Began as a Demonspawn Monk on Nov 11, 2015.
             Was a High Priest of Makhleb.
             Annihilated by a meat berserker
             ... wielding a +9 battleaxe
              (69 damage)
             ... in the Dungeon (Sprint VIII: "Arena of Blood").
             The game lasted 00:00:47 (24 turns).

Iamburgie the Middleweight Champion (Demonspawn Monk) Turns: 24, Time: 00:00:47

Health: -63/174    AC:  5    Str: 18    XL:     17   Next: 79%
Magic:  0/17       EV: 31    Int: 12    God:    Makhleb [*****.]
Gold:   0          SH:  0    Dex: 16    Spells: 0 memorised, 16 levels left

rFire  . . .     SeeInvis +     i - +∞ Axe of Woe
rCold  . . .     Clarity  .     a - +0 robe
rNeg   . . .     SustAt   .     (shield currently unavailable)
rPois  .         Gourm    .     (helmet unavailable)
rElec  .         Spirit   +     (no cloak)
rCorr  .         Warding  .     (no gloves)
rMut   .         NoTele   +     (no boots)
MR     +....                    (no amulet)
Stlth  +++++++++.               (no ring)
                                (no ring)

@: somewhat resistant to hostile enchantments, incredibly stealthy
A: antennae 3, molten scales 2, nightstalker 3, magic shield
a: Minor Destruction, Lesser Servant of Makhleb, Major Destruction, Greater
Servant of Makhleb, Renounce Religion


You were in the Dungeon.
You worshipped Makhleb.
Makhleb was extremely pleased with you.
You were not hungry.

You visited 1 branch

Inventory:

Hand Weapons
 i - the +∞ Axe of Woe (weapon)
   (You found it in the Dungeon)
Armour
 a - a +0 robe (worn)
Jewellery
 j - a +30 ring of slaying
Scrolls
 h - a scroll of blinking
Potions
 c - a potion of curing
 d - a potion of heal wounds
 e - a potion of haste
 f - 2 potions of magic
 g - a potion of berserk rage
Comestibles
 b - a bread ration


   Skills:
 O Level 27 Fighting
 + Level 17.7 Axes
 O Level 27 Dodging
 + Level 15.0 Stealth
 O Level 27 Unarmed Combat


You had 16 spell levels left.
You didn't know any spells.

Dungeon Overview and Level Annotations

Branches:
Dungeon (1/1)

Altars:
Makhleb


Innate Abilities, Weirdness & Mutations

You have a pair of large antennae on your head (SInv).
You are mostly covered in molten scales (AC +3, EV -1).
You are completely attuned to the shadows.
When hurt, damage is shared between your health and your magic reserves.


Message History

Your Stealth skill increases to level 14!
You slash the large bag of meat!
You dissect the large bag of meat like a pig carcass.
The large bag of meat explodes!
The fiery explosion engulfs you! Makhleb accepts your kill.
Your Axes skill gained 2 levels and is now at level 17!
You have mastered Dodging!
Your Stealth skill increases to level 15!
You are engulfed in roaring flames.
You hear a shout! x14 2 ogres come into view.
An orc and an ogre come into view.
The meat berserker hits you with a +9 battleaxe!!!
* * * LOW HITPOINT WARNING * * *
You hear a shout! x6
The meat berserker rages.
You hear a shout! x5
The meat berserker hits you with a +9 battleaxe!!!
You die...

#.......#.....#
....{...#_.<._#
#.....))#.....#.
#...).).._......
.......)).###......
.....###§§.....###.
.... #§§)....# ...{
.§#§§....{# ..
.O§§§@...Oo. .
..§.oO......
%.%.....O...
..O..o.... { {
o#.......


You could see 5 meat berserkers and 3 bags of meat.

Vanquished Creatures
  2 ogres (D)
  9 orcs (D)
  2 hill giants (D)
13 creatures vanquished.

Notes
Turn   | Place    | Note
--------------------------------------------------------------
     0 | D        | Iamburgie the Demonspawn Monk began the quest for the Orb.
     0 | D        | Reached XP level 1. HP: 18/18 MP: 1/1
     3 | D        | Noticed a bag of meat
     4 | D        | Became a worshipper of Makhleb the Destroyer
     4 | D        | Reached * piety under Makhleb
     4 | D        | Reached ** piety under Makhleb
     5 | D        | Noticed a bag of meat
     6 | D        | Noticed a bag of meat
     6 | D        | Noticed a bag of meat
     7 | D        | Noticed a bag of meat
     8 | D        | Noticed a meat berserker
     8 | D        | Killed a bag of meat
     8 | D        | Reached skill level 13 in Fighting
     8 | D        | Reached skill level 19 in Unarmed Combat
     8 | D        | Gained mutation: You have a pair of small antennae on your head. [demonic ancestry]
     8 | D        | Reached XP level 2. HP: 21/41 MP: 2/2
     8 | D        | Gained mutation: You are slightly more attuned to the shadows. [demonic ancestry]
     8 | D        | Reached XP level 3. HP: 24/47 MP: 3/3
     8 | D        | Gained mutation: You are significantly more attuned to the shadows. [demonic ancestry]
     8 | D        | Reached XP level 4. HP: 27/54 MP: 4/4
     8 | D        | Reached XP level 5. HP: 30/60 MP: 5/5
     8 | D        | Gained mutation: You are completely attuned to the shadows. [demonic ancestry]
     8 | D        | Reached XP level 6. HP: 33/67 MP: 6/6
     8 | D        | Reached XP level 7. HP: 35/73 MP: 7/7
     8 | D        | Gained mutation: You are partially covered in molten scales (AC +1). [demonic ancestry]
     8 | D        | Reached XP level 8. HP: 38/80 MP: 8/8
     8 | D        | Reached XP level 9. HP: 40/86 MP: 9/9
     8 | D        | Gained mutation: You are mostly covered in molten scales (AC +3, EV -1). [demonic ancestry]
     8 | D        | Reached XP level 10. HP: 43/93 MP: 10/10
     8 | D        | Reached XP level 11. HP: 45/99 MP: 11/11
     9 | D        | Killed a bag of meat
     9 | D        | Reached skill level 15 in Fighting
     9 | D        | Reached skill level 21 in Unarmed Combat
     9 | D        | Reached XP level 12. HP: 46/111 MP: 12/12
     9 | D        | Killed a bag of meat
     9 | D        | Reached *** piety under Makhleb
     9 | D        | Reached skill level 15 in Dodging
     9 | D        | Reached skill level 23 in Unarmed Combat
     9 | D        | Reached XP level 13. HP: 86/120 MP: 13/13
    10 | D        | Noticed a bag of meat
    10 | D        | Killed a bag of meat
    10 | D        | Reached skill level 24 in Unarmed Combat
    10 | D        | Gained mutation: You have a pair of antennae on your head. [demonic ancestry]
    10 | D        | Reached XP level 14. HP: 127/130 MP: 14/14
    11 | D        | Killed a bag of meat
    11 | D        | Reached **** piety under Makhleb
    11 | D        | Reached skill level 5 in Axes
    11 | D        | Reached skill level 25 in Unarmed Combat
    11 | D        | Killed a bag of meat
    11 | D        | Reached skill level 26 in Unarmed Combat
    11 | D        | Reached XP level 15. HP: 88/141 MP: 15/15
    11 | D        | Killed a meat berserker
    11 | D        | Reached skill level 10 in Stealth
    11 | D        | Reached skill level 27 in Unarmed Combat
    14 | D        | Noticed a bag of meat
    15 | D        | Noticed a bag of meat
    16 | D        | Killed a bag of meat
    16 | D        | Reached ***** piety under Makhleb
    16 | D        | Reached skill level 10 in Axes
    16 | D        | Gained mutation: When hurt, damage is shared between your health and your magic reserves. [demonic ancestry]
    16 | D        | Reached XP level 16. HP: 153/157 MP: 16/16
    18 | D        | Noticed a large bag of meat
    18 | D        | Killed a bag of meat
    19 | D        | Noticed a meat berserker
    20 | D        | Noticed a large bag of meat
    20 | D        | Killed a meat berserker
    20 | D        | Gained mutation: You have a pair of large antennae on your head (SInv). [demonic ancestry]
    20 | D        | Reached XP level 17. HP: 160/173 MP: 17/17
    22 | D        | Killed a large bag of meat
    22 | D        | Reached skill level 27 in Fighting
    23 | D        | Noticed a bag of meat
    23 | D        | Noticed a bag of meat
    23 | D        | Noticed a meat berserker
    23 | D        | Killed a bag of meat
    23 | D        | Reached skill level 15 in Axes
    23 | D        | Killed a large bag of meat
    23 | D        | Reached skill level 27 in Dodging
    23 | D        | Reached skill level 15 in Stealth
    24 | D        | Noticed a meat berserker
    24 | D        | Noticed a meat berserker
    24 | D        | Noticed a meat berserker
    24 | D        | Noticed a bag of meat
    24 | D        | HP: 6/174 [meat berserker/+9 battleaxe (56)]
    24 | D        | Annihilated by a meat berserker

Action                   |  1- 3 |  4- 6 |  7- 9 | 10-12 | 13-15 | 16-18 || total
-------------------------+-------+-------+-------+-------+-------+-------++-------
Melee: Executioner's axe |     1 |       |       |     1 |     3 |     4 ||     9
